 Dungeon Crawl Stone Soup version 0.21.1-1-g345015f (webtiles) character file.

9912 Kandryn the Basher (level 11, 110/110 HPs)
             Began as a Troll Berserker on June 22, 2018.
             Was a High Priest of Trog.
             Quit the game on level 10 of the Dungeon on July 3, 2018.
             The game lasted 00:54:46 (9987 turns).

Kandryn the Basher (Troll Berserker)                Turns: 9987, Time: 00:54:47

Health: 110/110    AC:  7    Str: 35    XL:     11   Next: 29%
Magic:  10/10      EV: 13    Int:  3    God:    Trog [*****.]
Gold:   499        SH:  4    Dex: 10    Spells: 10/10 levels left

rFire    . . .     SeeInvis .   K - +5 mace (freeze)
rCold    . . .     Gourm    +   (no shield)
rNeg     . . .     Faith    .   b - +0 animal skin
rPois    .         Spirit   .   f - +2 hat
rElec    .         Reflect  +   (no cloak)
rCorr    .         Harm     .   (gloves unavailable)
MR       .....                  (boots unavailable)
Stlth    ++........             h - +4 amulet of reflection
HPRegen  0.68/turn              j - +6 ring of strength
MPRegen  0.12/turn              (no ring)

@: no status effects
A: large, unfitting armour, claws 3, fast metabolism 3, gourmand, regeneration
1, shaggy fur 1, tough skin 2
a: Berserk, Trog's Hand, Brothers in Arms, Burn Spellbooks, Renounce Religion


You were on level 10 of the Dungeon.
You worshipped Trog.
Trog was extremely pleased with you.
You were not hungry.

You visited 1 branch of the dungeon, and saw 10 of its levels.

You collected 499 gold pieces.

Inventory:

Hand Weapons
 a - a +0 mace
 x - the +7 scimitar "Uwegets" {chaos, Int+4, unknown}
   (You found it on level 5 of the Dungeon)

   Each time it hits an enemy it has a different, random effect.
   It affects your intelligence (+4).
 y - a +1 whip of electrocution
 C - a +1 scimitar of holy wrath
 K - a +5 mace of freezing (weapon)
 N - a +0 flail
 Q - a +4 antimagic dire flail
Armour
 b - a +0 animal skin (worn)
 f - a +2 hat (worn)
Jewellery
 h - a +4 amulet of reflection (around neck)
 j - a +6 ring of strength (left claw)
 k - an uncursed ring of protection from fire {unknown}
 m - a +5 ring of evasion {unknown}
 n - an uncursed amulet of regeneration
 u - an uncursed ring of protection from fire {unknown}
 B - an uncursed ring of resist corrosion
 D - an uncursed ring of protection from cold {unknown}
 H - an uncursed amulet of the gourmand {unknown}
 J - a +4 ring of protection {unknown}
Wands
 g - a wand of scattershot (6)
 A - a wand of paralysis (8)
 P - a wand of flame (22)
Scrolls
 i - 9 scrolls of remove curse
 l - 2 scrolls of identify
 q - 5 scrolls of teleportation
 v - a scroll of amnesia
 w - a scroll of fear
 E - a scroll of random uselessness
 F - a scroll of enchant weapon {unknown}
 G - a scroll of enchant armour
 I - a scroll of blinking
Potions
 d - a potion of ambrosia {unknown}
 e - 6 potions of curing
 o - 2 potions of brilliance {unknown}
 p - a potion of berserk rage {unknown}
 r - a potion of lignification {unknown}
 s - 2 potions of mutation {unknown}
 z - a potion of might {unknown}
 L - 2 potions of cancellation {unknown}
 M - a potion of haste {unknown}
 O - a potion of flight {unknown}
Books
 t - a book of Changes

   Spells                             Type                      Level
   a - Beastly Appendage              Transmutation                1
   b - Sticks to Snakes               Transmutation                2
   c - Spider Form                    Transmutation/Poison         3
   d - Ice Form                       Ice/Transmutation            4
   e - Blade Hands                    Transmutation                5
   Trog disapproves of the use of such an item.
Comestibles
 c - 21 rations


   Skills:
 + Level 7.7 Fighting
 + Level 11.5 Maces & Flails
 + Level 7.4 Dodging
 + Level 2.7 Stealth


You had 10 spell levels left.
You didn't know any spells.

Dungeon Overview and Level Annotations

Branches:
Dungeon (10/15)            Temple (0/1) D:6            Lair (0/6) D:10
    Orc: D:9-12

Altars:
Ashenzari
Fedhas
Gozag
Kikubaaqudgha
Okawaru
Qazlal
Wu Jian
Lugonu

Annotations:
D:8 1 transporter


Innate Abilities, Weirdness & Mutations

You are too large for most types of armour.
You have claws for hands.
Your metabolism is lightning-fast.
You like to eat raw meat.
Your natural rate of healing is unusually fast.
You are covered in fur. (AC +1)
You have very tough skin. (AC +2)


Message History

You see here a glowing dire flail {god gift}.
Q - a glowing dire flail {god gift}
As you read the scroll of identify, it crumbles to dust.
Q - a +4 antimagic dire flail Quiver which item? (- for none, * to show all) (? for menu, Esc to quit)
Okay, then.
You start resting.
You feel sick. x2
You are feeling hungry.
You start resting.
You feel sick. x2
You are no longer poisoned.
You start resting.
HP restored.
There isn't anything here!
You eat one of the 22 rations.
That ration really hit the spot!
Saving game... please wait.
Welcome back, Kandryn the Troll Berserker.
Trog says: Kill them all!
Press ? for a list of commands and other information.
Are you sure you want to abandon this character and quit the game? (Confirm with "yes".)

##### #...####### #.........#
#...#####.# ### ##.##
#.############ ..#
#.######............# #.####
#.##...@....#######.#
.....#####.##.######.# #.#
.....(...)....# #.# #.#
...#.#####.#..## #.# #.# ...#.#
#......# #.#######.# ..##.#
#......#####...P.....# ..##.#
#.............♣......##
##.#.!(........###....♣......P##
..####......# #P.......P.PP.#


There were no monsters in sight!

Vanquished Creatures
  An unseen horror (D:9)
  Pikel (D:7)
  2 ugly things
  A troll (D:7)
  A queen bee (D:9)
  A hippogriff (D:9)
  2 basilisks (D:10)
  3 hungry ghosts
  A water moccasin (D:10)
  5 porcupines (D:10)
  A sky beast (D:7)
  2 black bears
  An orc warrior (D:8)
  2 slaves (D:7)
  7 ogres
  A phantom (D:9)
  2 necrophages
  2 wolves (D:10)
  A centaur (D:6)
  2 crocodiles (D:10)
  A big kobold (D:8)
  3 bullfrogs
  A water moccasin zombie (D:8)
  A scorpion (D:9)
  A wyvern skeleton (D:9)
  4 small abominations (D:8)
  A water moccasin skeleton (D:9)
  18 killer bees
  The ghost of n0claF the Shooter, a weakling CeHu (D:3)
  5 howler monkeys
  2 vampire bats (D:6)
  12 wights
  2 spriggan skeletons (D:9)
  A bullfrog zombie (D:9)
  A crimson imp (D:5)
  A lava snake (D:8)
  3 centaur skeletons (D:9)
  A jelly (D:6)
  A bullfrog skeleton (D:8)
  5 orc priests
  A gnoll shaman (D:5)
  3 hounds
  10 orc wizards
  Jessica (D:3)
  Natasha (thrice) (D:3)
  5 worker ants
  A hound skeleton (D:10)
  6 gnolls
  15 adders
  2 shadow imps
  An adder zombie (D:5)
  6 worms
  A dart slug (D:2)
  10 leopard geckos
  33 orcs
  A ball python (D:5)
  4 bat skeletons (D:6)
  A bat zombie (D:6)
  4 giant cockroaches
  7 goblins
  10 hobgoblins
  8 jackals
  14 kobolds
  5 quokkas
  7 bats
  4 frilled lizards
  A leopard gecko skeleton (D:5)
  A quokka zombie (D:3)
  4 rats
273 creatures vanquished.

Vanquished Creatures (collateral kills)
  The ghost of poxu the Thaumaturge, a novice DEWz of Vehumet (D:9)
  2 orc warriors (D:9)
  5 killer bees (D:9)
  4 small abominations (D:8)
  A leopard gecko (D:9)
13 creatures vanquished.

Vanquished Creatures (others)
  A slave (D:7)
  A bush (D:10)
  A fungus (D:10)
  7 plants (D:10)
10 creatures vanquished.

Grand Total: 296 creatures vanquished

Notes
Turn   | Place    | Note
-------+----------+-------------------------------------------
     0 | D:1      | Kandryn the Troll Berserker began the quest for the Orb.
     0 | D:1      | Reached XP level 1. HP: 22/22 MP: 0/0
   156 | D:1      | Reached XP level 2. HP: 29/29 MP: 1/1
   185 | D:1      | Reached skill level 3 in Maces & Flails
   395 | D:1      | Reached ** piety under Trog
   404 | D:1      | Reached XP level 3. HP: 36/36 MP: 2/2
   855 | D:2      | Reached XP level 4. HP: 35/44 MP: 3/3
  1231 | D:3      | Reached skill level 4 in Maces & Flails
  1279 | D:3      | Noticed Jessica
  1287 | D:3      | Killed Jessica
  1287 | D:3      | Reached XP level 5. HP: 53/53 MP: 4/4
  1455 | D:3      | Noticed Natasha
  1461 | D:3      | Killed Natasha
  1515 | D:3      | Noticed n0claF's ghost (weakling CeHu)
  1523 | D:3      | Reached *** piety under Trog
  1532 | D:3      | Killed n0claF's ghost
  1634 | D:3      | Noticed Natasha
  1680 | D:3      | Killed Natasha
  1756 | D:3      | Reached XP level 6. HP: 59/61 MP: 5/5
  1763 | D:3      | Reached skill level 5 in Maces & Flails
  1871 | D:3      | Noticed Natasha
  1882 | D:3      | Killed Natasha
  2574 | D:4      | Found an opulent altar of Gozag.
  2882 | D:4      | Found a blossoming altar of Fedhas.
  2937 | D:5      | Entered Level 5 of the Dungeon
  3338 | D:5      | Got a jewelled scimitar
  3499 | D:5      | Found a stormy altar of Qazlal.
  3748 | D:5      | Reached XP level 7. HP: 52/67 MP: 6/6
  3811 | D:6      | Found a shattered altar of Ashenzari.
  3811 | D:6      | Noticed a troll
  4026 | D:6      | Noticed a green ugly thing
  4037 | D:6      | Killed a green ugly thing
  4037 | D:6      | Reached skill level 6 in Maces & Flails
  4105 | D:6      | Reached XP level 8. HP: 36/78 MP: 7/7
  4172 | D:6      | Reached skill level 7 in Maces & Flails
  4366 | D:6      | Reached skill level 1 in Stealth
  4455 | D:6      | You fall through a shaft for 3 floors!
  4495 | D:9      | Reached **** piety under Trog
  4538 | D:9      | Noticed poxu's ghost (novice DEWz)
  4559 | D:9      | Killed poxu's ghost
  4559 | D:9      | Reached skill level 8 in Maces & Flails
  4585 | D:10     | Entered Level 10 of the Dungeon
  4785 | D:9      | Reached skill level 5 in Fighting
  4940 | D:8      | Reached skill level 5 in Dodging
  4944 | D:8      | Reached XP level 9. HP: 80/88 MP: 8/8
  5271 | D:8      | Received a gift from Trog
  5559 | D:7      | Noticed Pikel
  5653 | D:7      | Killed Pikel
  5653 | D:7      | Reached skill level 9 in Maces & Flails
  5695 | D:7      | Killed a troll
  5795 | D:7      | Found an ornate altar of the Wu Jian Council.
  6033 | D:7      | Found an iron altar of Okawaru.
  6851 | D:6      | Found a staircase to the Ecumenical Temple.
  6883 | D:6      | Reached skill level 10 in Maces & Flails
  7079 | D:6      | Reached XP level 10. HP: 100/100 MP: 9/9
  7139 | D:6      | Found an ancient bone altar of Kikubaaqudgha.
  7678 | D:8      | Found a corrupted altar of Lugonu.
  7831 | D:8      | Found a transporter.
  7890 | D:8      | Found a transporter.
  8012 | D:8      | Noticed a red ugly thing
  8012 | D:8      | Noticed a cyan ugly thing
  8091 | D:8      | Noticed a cyan ugly thing
  8291 | D:9      | Killed an unseen horror
  8688 | D:9      | Noticed a green ugly thing
  8712 | D:9      | Killed a green ugly thing
  8712 | D:9      | Reached skill level 11 in Maces & Flails
  9081 | D:9      | Reached ***** piety under Trog
  9122 | D:9      | Reached XP level 11. HP: 104/108 MP: 10/10
  9622 | D:10     | Found a staircase to the Lair.
  9942 | D:10     | Received a gift from Trog
  9987 | D:10     | Quit the game

Skill      XL: |  1  2  3  4  5  6  7  8  9 10 11 |
---------------+----------------------------------+-----
Maces & Flails | 3 4 5 6 8 10 11 | 11.5
Fighting       | 3 4 5 6 7 |  7.7
Dodging        | 3 4 5 6 7 |  7.4
Stealth        | 1 2 |  2.7

Action                   |  1- 3 |  4- 6 |  7- 9 | 10-12 || total
-------------------------+-------+-------+-------+-------++-------
Melee: Mace              |   115 |   269 |   260 |   270 ||   914
       Whip              |       |       |   119 |    75 ||   194
Invok: Berserk           |       |     5 |     7 |     6 ||    18
       Trog's Hand       |       |     1 |     2 |     1 ||     4
       Brothers in Arms  |       |       |     1 |     2 ||     3
Evoke: Wand              |       |       |     1 |       ||     1
  Use: Scroll            |     3 |     3 |     6 |     5 ||    17
       Potion            |     1 |     2 |     4 |     1 ||     8
 Stab: Sleeping          |     2 |     1 |     1 |     2 ||     6
       Distracted        |       |       |     1 |       ||     1
  Eat: Chunk             |    13 |    27 |    42 |    29 ||   111
       Ration            |       |       |     3 |     3 ||     6
Armor: Animal skin       |    61 |    83 |    77 |    89 ||   310
Dodge: Dodged            |    93 |   139 |   148 |   152 ||   532
Block: Other             |       |       |    35 |    39 ||    74
